 Dungeon Crawl Stone Soup version 0.26.1-11-gd32895ea62 (webtiles) character file.

Game seed: 12270249856869962387

63 infcreate the Sneak (level 3, -1/20 HPs)
             Began as a Vampire Enchanter on July 11, 2021.
             Slain by an adder (3 damage)
             ... on level 2 of the Dungeon.
             The game lasted 00:06:50 (1842 turns).

infcreate the Sneak (Vampire Enchanter)             Turns: 1842, Time: 00:06:50

Health: -1/20      AC:  2    Str:  7    XL:     3   Next: 89%
Magic:  1/6        EV: 13    Int: 17    God:
Gold:   49         SH:  0    Dex: 15    Spells: 0/6 levels left

rFire    . . .     SeeInvis +   a - +1 dagger
rCold    + + .     Faith    .   (no shield)
rNeg     + + +     Spirit   .   b - +0 robe
rPois    ∞         Reflect  .   (no helmet)
rElec    .         Harm     .   (no cloak)
rCorr    .         Rampage  .   (no gloves)
Will     .....                  (no boots)
Stlth    +++++.....             (no amulet)
HPRegen  0.00/turn              (no ring)
MPRegen  0.10/turn              (no ring)

@: bloodless
A: fangs 3, see invisible, unbreathing
a: Bat Form, Revivify


You were on level 2 of the Dungeon.
You visited 1 branch of the dungeon, and saw 3 of its levels.

You collected 49 gold pieces.


Innate Abilities, Weirdness & Mutations

You do not regenerate when monsters are visible.
You are frail without blood (-20% HP).
You can heal yourself when you bite living creatures.
You are immune to poison.
You have razor-sharp teeth.
You have supernaturally acute eyesight. (SInv)
You can survive without breathing.


   Skills:
 + Level 0.5 Fighting
 + Level 1.7 Short Blades
 * Level 3.0 Dodging
 * Level 5.3 Stealth
 + Level 2.2 Spellcasting
 * Level 4.9 Hexes


You couldn't memorise any spells.
You knew the following spells:

 Your Spells              Type           Power        Failure   Level
c - Corona                Hex            20%          2%          1
e - Ensorcelled Hibernat  Hex/Ice        20%          11%         2
t - Confusing Touch       Hex            18%          8%          3

Your spell library contained the following spells:

 Spells                   Type           Power        Failure   Level
 Tukima's Dance           Hex            18%          8%          3
 Dazzling Flash           Conj/Hex       20%          21%         3

Inventory:

Hand Weapons
 a - a +1 dagger (weapon)
Armour
 b - a +0 robe (worn)
Scrolls
 d - a scroll of magic mapping {unknown}
 e - a scroll of blinking {unknown}
 f - a scroll of fog {unknown}
 g - a scroll of immolation {unknown}
 i - a scroll of remove curse {unknown}
Potions
 c - a potion of lignification {unknown}
 h - a potion of mutation {unknown}
 j - a potion of cancellation {unknown}
 k - a potion of flight {unknown}
 l - a potion of heal wounds {unknown}

Dungeon Overview and Level Annotations

Branches:
Dungeon (3/15)

Altars:
Nemelex Xobeh

Annotations:
D:2 Grinder, Sigmund

##..###.(###.###.....##
...## #......#....####
.### ##.###.).#..# .###
#.# #>....##### .#.#
#<###.........# ...##
##.............#
.#..###...####.......#
.....#...## #..S....#
.........# #..@....#
.......#.## ##..#####
....[..#..## #..#
.......##..# ##..##
.......###.###....##
........##......#..#
............##.....#
...................###
..............<......###


You could see an adder.


Message History

* * * LOW HITPOINT WARNING * * *
You hit the adder but do no damage.
The adder appears confused.
The adder misses you.
You barely miss the adder. The adder bites you.
* * * LOW HITPOINT WARNING * * *
You hit the adder. Your bite misses the adder.
The adder is moderately wounded.
The adder closely misses you.
You hit the adder.
The adder is heavily wounded.
You barely miss the adder.
The adder is heavily wounded.
The adder closely misses you.
You barely miss the adder.
The adder is heavily wounded.
You hit the adder. Your bite misses the adder.
The adder is heavily wounded.
The adder closely misses you.
You hit the adder.
The adder is almost dead.
You barely miss the adder.
The adder is almost dead.
The adder seems less confused.
The adder closely misses you. x2
You barely miss the adder.
The adder is severely wounded.
The adder misses you.
You hit the adder.
The adder is almost dead.
The adder bites you.
You die...

Skill      XL: |  1  2  3 |
---------------+----------+-----
Stealth        | 5 |  5.3
Dodging        | 3 |  3.0
Fighting       | |  0.5
Short Blades   | |  1.7
Spellcasting   | |  2.2
Hexes          | |  4.9

Action                   || total
-------------------------++-------
Melee: Dagger            ||   104
       Bite              ||     6
 Cast: Ensorcelled Hiber ||    26
       Confusing Touch   ||     4
 Abil: Exsanguinate      ||     1
 Stab: Sleeping          ||    28
       Confused          ||     2
Armor: Robe              ||    14
Dodge: Dodged            ||    72

Levels and vault maps discovered:
D:1:      scummos_arrival_simple_fountains, layout_loops_ring
D:2:      layout_rooms, uniq_sigmund
D:3:      minmay_door_path, layout_rooms, nemelex_xobeh_ov_fountains_minmay,
          serial_park_tiny_1, uniq_grinder

Notes
Turn   | Place    | Note
-------+----------+-------------------------------------------
     0 | D:1      | infcreate the Vampire Enchanter began the quest for the
                  | Orb.
     0 | D:1      | Reached XP level 1. HP: 13/13 MP: 3/3
   243 | D:1      | Reached XP level 2. HP: 15/15 MP: 5/5
   246 | D:1      | Learned a level 2 spell: Ensorcelled Hibernation
   652 | D:2      | Reached skill level 5 in Stealth
   726 | D:2      | Reached XP level 3. HP: 20/20 MP: 6/6
   730 | D:2      | Noticed Sigmund
   769 | D:2      | Learned a level 3 spell: Confusing Touch
  1563 | D:3      | Found a sparkling altar of Nemelex Xobeh.
  1563 | D:3      | Noticed Grinder
  1583 | D:1      | Reached skill level 3 in Dodging
  1830 | D:2      | HP: 2/20 [adder (2)]
  1842 | D:2      | Slain by an adder

Vanquished Creatures
  A gnoll (D:1)
  An ooze (D:1)
  A worm (D:2)
  A dart slug (D:2)
  2 leopard geckos (D:2)
  2 ball pythons
  10 bats
  2 giant cockroaches
  2 goblins (D:1)
  6 hobgoblins
  2 jackals (D:2)
  3 kobolds
  3 frilled lizards
  2 rats (D:2)
38 creatures vanquished.

Table legend: (Time is in decaauts)
 A = Elapsed time spent in this place.
 B = Non-inter-level travel time spent in this place.
 C = Inter-level travel time spent in this place.
 D = Time resting spent in this place.
 E = Time spent auto-exploring this place.
 F = Levels seen in this place.
 G = Mean time per level.
                   A        B        C        D        E       F      G
               +--------+--------+--------+--------+--------+-----+--------+
         Total |   1837 |   1640 |    197 |    620 |      0 |   3 |  612.3 |
       Dungeon |   1837 |   1640 |    197 |    620 |      0 |   3 |  612.3 |
               +--------+--------+--------+--------+--------+-----+--------+

Top non-repeatable levels by time:
     D:2: 987 daAuts
     D:1: 690 daAuts
     D:3: 159 daAuts

Table legend:
 A = Non-vault XP
 B = Vault XP
 C = Vault XP percentage of total XP
 D = Non-vault monster count
 E = Vault monster count
 F = Vault count percentage of total count
                 A         B        C        D         E       F
            +---------+---------+-------+---------+---------+-------
      Total |      91 |       0 |   0.0 |      38 |       0 |   0.0
            +---------+---------+-------+---------+---------+-------
        D:1 |      50 |       0 |   0.0 |      18 |       0 |   0.0
        D:2 |      38 |       0 |   0.0 |      18 |       0 |   0.0
        D:3 |       3 |       0 |   0.0 |       2 |       0 |   0.0
            +---------+---------+-------+---------+---------+-------
